 Dungeon Crawl Stone Soup version 0.18.1-50-g88ac8fd (webtiles) character file.

43141 magog001 the Bludgeoner (level 13, 0/128 HPs)
             Began as a Minotaur Fighter on Apr 6, 2018.
             Killed from afar by a deep elf knight (21 damage)
             ... with an orb of energy
             ... on level 1 of the Elven Halls on Apr 9, 2018.
             The game lasted 01:31:27 (15950 turns).

magog001 the Bludgeoner (Minotaur Fighter)         Turns: 15950, Time: 01:31:27

Health: 0/128      AC: 35    Str: 39    XL:     13   Next: 89%
Magic:  12/12      EV: 10    Int: 10    God:
Gold:   1312       SH:  0    Dex: 11    Spells: 0 memorised, 12 levels left

rFire  . . .     SeeInvis +     K - +4 dire flail (protect)
rCold  + . .     Gourm    .     R - +3 plate armour {rC+}
rNeg   . . .     Faith    .     (shield currently unavailable)
rPois  .         Spirit   .     (helmet restricted)
rElec  +         Dismiss  .     s - +2 cloak {+Inv}
rCorr  .         Reflect  .     (no gloves)
SustAt .         Harm     .     M - +2 pair of boots of the Assassin {DetectMon Stab+ Stlth++}
MR     .....     NoTele   +     U - amulet of regeneration
Stlth  ..........               A - ring of Temptation {-Tele rElec Str+9 Int+5 SInv}
                                c - +5 ring of strength

@: not resistant to hostile enchantments, extremely unstealthy
A: retaliatory headbutt, claws 1, horns 2, rugged brown scales 1, thin metallic
scales 1, deterioration 1, electricity resistance
a: Evoke Invisibility


You were on level 1 of the Elven Halls.
You were very full.

You visited 3 branches of the dungeon, and saw 17 of its levels.
You also visited: Ossuary and Ice Cave.

You collected 2102 gold pieces.
You spent 790 gold pieces at shops.

Inventory:

Hand Weapons
 a - a +0 war axe
 g - a +0 arbalest of flaming
 E - a +0 hunting sling
 K - a +4 dire flail of protection (weapon)
Missiles
 v - 7 tomahawks of returning
 w - 79 sling bullets
 J - 36 bolts
 V - 18 tomahawks (quivered)
Armour
 s - a +2 cloak of invisibility (worn)
 M - the +2 pair of boots of the Assassin (worn) {DetectMon Stab+ Stlth++}
   (You found it in an ice cave)

   It makes you much more stealthy.
 Q - a +2 buckler
 R - a +3 plate armour of cold resistance (worn)
Jewellery
 c - a +5 ring of strength (left claw)
 A - the ring of Temptation (right claw) {-Tele rElec Str+9 Int+5 SInv}
   (You found it on level 7 of the Dungeon)

   [ring of intelligence]

   It affects your strength (+9).
   It affects your intelligence (+5).
   It insulates you from electricity.
   It lets you see invisible.
   It prevents most forms of teleportation.
 U - an amulet of regeneration (around neck)
Wands
 i - a wand of iceblast (0/15)
 j - a wand of lightning (7/15)
 l - a wand of lightning (3/15)
 m - a wand of lightning (7/15)
 n - a wand of iceblast (9/15)
 p - a wand of flame (13/48)
 r - a wand of polymorph (11/24)
 t - a wand of hasting (3/9)
 N - a wand of confusion (20/48)
 P - a wand of paralysis (15/24)
 S - a wand of digging (7/24)
 T - a wand of enslavement (9/24)
 W - a wand of lightning (10/15)
 Z - a wand of iceblast (7/15)
Scrolls
 b - 3 scrolls of blinking
 e - a scroll of identify
 o - 4 scrolls of fear
 y - 3 scrolls of recharging
 z - 12 scrolls of remove curse
 F - a scroll of amnesia
 L - 4 scrolls of magic mapping
 O - 7 scrolls of teleportation
Potions
 d - 2 potions of might
 k - a potion of berserk rage
 u - 2 potions of brilliance
 x - 2 potions of ambrosia {unknown}
 B - 5 potions of flight
 C - 3 potions of agility
 D - 3 potions of curing
 H - a potion of invisibility {unknown}
 I - a potion of resistance {unknown}
 Y - a potion of cancellation {unknown}
Comestibles
 f - 13 bread rations
 h - 4 beef jerkies
 q - 9 slices of pizza
 G - 5 meat rations


   Skills:
 * Level 14.8 Fighting
 - Level 5.4(12.1) Axes
 * Level 16.2(16.5) Maces & Flails
 + Level 2.0 Crossbows
 + Level 1.1 Throwing
 * Level 14.9 Armour
 - Level 2.5 Dodging
 - Level 1.0 Stealth
 * Level 8.1 Shields
 + Level 0.8 Evocations


You had 12 spell levels left.
You didn't know any spells.

Dungeon Overview and Level Annotations

Branches:
Dungeon (14/15)            Temple (0/1) D:7            Lair (0/8) D:10
    Orc (2/2) D:11            Elf (1/3) Orc:2        Vaults (0/5) D:14

Altars:
Ashenzari
Dithmenos
Elyvilon
Gozag
Kikubaaqudgha
Makhleb
Okawaru
Pakellas
Xom
Yredelemnul
Zin
Beogh
Jiyva

Shops:
D:5 (   D:6 *   D:7 !   D:8 }   Orc:2 [:[


Innate Abilities, Weirdness & Mutations

You reflexively headbutt those who attack you in melee.
You have a pair of horns on your head.
You have sharp fingernails.
You are partially covered in rugged brown scales (AC +1, +3% HP).
You are partially covered in thin metallic scales (AC +2).
Your body sometimes deteriorates upon taking damage.
You are resistant to electric shocks.


Message History

The arrow hits you but does no damage.
The deep elf knight points at you and mumbles some strange words.
The stone arrow hits you!
Unknown command.
The deep elf archer drinks a potion.
The deep elf archer seems to speed up.
The deep elf knight points at you and mumbles some strange words.
The stone arrow hits you!
* * * LOW HITPOINT WARNING * * *
You see here 4 arrows.
The deep elf archer shoots an arrow.
The arrow hits you!
* * * LOW HITPOINT WARNING * * *
The deep elf archer shoots an arrow.
The arrow hits you but does no damage.
The deep elf archer shoots an arrow.
The arrow hits you but does no damage.
Things that are here:
2 arrows; a short sword; a scale mail The deep elf archer gestures at you while chanting.
You resist with significant effort.
The deep elf knight gestures at you while chanting.
The orb of energy hits you!
You die...

#.# #.# ###'###
##.....##
#+.......+#
##.........##
#....e......# #
#...........####....
#....^......@..'....
#..........(####....
#..........(# #
##.......ee##
#+.......e#
##.....##'{ ###+###
{e. ..e ....


You could see 3 deep elf archers and a deep elf knight.

Vanquished Creatures
  Maud (D:11)
  An ettin (D:14)
  2 hydras (D:14)
  2 centaur warriors
  A tengu warrior (D:13)
  4 orc high priests (Orc:2)
  The ghost of magog001 the Blocker, a novice MiFi of Nemelex Xobeh (D:8)
  A sea snake (shapeshifter) (D:14)
  3 hill giants
  8 ugly things
  7 deep elf magi (Elf:1)
  2 necromancers
  4 orc knights (Orc:2)
  3 orc sorcerers (Orc:2)
  2 cyclopes (D:13)
  A griffon (D:14)
  Maurice (D:13)
  A faun (shapeshifter) (D:13)
  4 ice statues (IceCv)
  3 gargoyles
  2 kobold demonologists (D:13)
  5 ice devils (IceCv)
  A freezing wraith (D:14)
  4 trolls
  3 two-headed ogres
  Grinder (D:5)
  A slime creature (D:10)
  Sigmund (D:4)
  A water elemental (Elf:1)
  2 wyverns
  2 wraiths
  8 yaks
  A shadow (D:12)
  A human (D:7)
  2 steam dragons
  2 hungry ghosts (D:8)
  A fire elemental (Elf:1)
  2 hippogriffs
  A water moccasin (D:14)
  2 hell hounds (D:10)
  A water moccasin (shapeshifter) (D:14)
  30 orc warriors
  3 black bears
  4 sky beasts
  An ice beast (D:5)
  14 ogres
  4 phantoms
  A necrophage (D:14)
  16 centaurs
  3 big kobolds
  Blork the orc (D:4)
  7 giant frogs
  A gnoll sergeant (Orc:1)
  5 scorpions
  4 wights
  5 killer bees
  3 howler monkeys (D:14)
  3 giant frog zombies
  5 crimson imps
  3 draconian simulacra (IceCv)
  4 centaur zombies
  2 quasits
  2 giant frog skeletons (D:5)
  7 hounds
  A wasp zombie (D:10)
  2 centaur skeletons
  6 human zombies
  7 jellies
  20 orc wizards
  14 orc priests
  A human skeleton (D:14)
  3 iguanas
  Natasha (thrice) (D:3)
  2 troll simulacra (IceCv)
  10 worker ants
  A killer bee zombie (D:6)
  6 sheep
  A hound skeleton (D:10)
  5 mummies
  8 gnolls
  3 naga simulacra (IceCv)
  2 ogre simulacra (IceCv)
  5 adders
  3 shadow imps
  An ooze (D:4)
  An adder skeleton (D:4)
  A worm (D:2)
  2 dart slugs
  10 giant geckos
  96 orcs
  5 giant cockroaches
  4 goblins
  3 hobgoblins
  6 jackals
  26 kobolds
  10 quokkas
  A ball python (D:2)
  6 bats
  A giant gecko skeleton (D:10)
  3 giant newts
  A gnoll zombie (Ossuary)
  A goblin zombie (Ossuary)
  2 hobgoblin zombies (Ossuary)
  2 jackal skeletons (D:6)
  4 orc zombies
  2 quokka zombies (D:7)
  4 rats
519 creatures vanquished.

Vanquished Creatures (others)
  A human (D:8)
  2 orcs (Orc:2)
3 creatures vanquished.

Grand Total: 522 creatures vanquished

Notes
Turn   | Place    | Note
--------------------------------------------------------------
     0 | D:1      | magog001 the Minotaur Fighter began the quest for the Orb.
     0 | D:1      | Reached XP level 1. HP: 19/19 MP: 0/0
   309 | D:1      | Reached XP level 2. HP: 27/27 MP: 1/1
  1074 | D:2      | Reached XP level 3. HP: 31/33 MP: 2/2
  1199 | D:2      | Reached skill level 1 in Dodging
  1538 | D:3      | Found an oddly glowing altar of Pakellas.
  1561 | D:3      | Noticed Natasha
  1568 | D:3      | Reached XP level 4. HP: 33/40 MP: 3/3
  1573 | D:3      | Killed Natasha
  1698 | D:3      | Reached XP level 5. HP: 45/46 MP: 4/4
  1898 | D:3      | Found a white marble altar of Elyvilon.
  1926 | D:3      | Noticed Natasha
  1939 | D:3      | Reached skill level 1 in Stealth
  1948 | D:3      | Killed Natasha
  1968 | D:3      | Noticed Natasha
  1975 | D:3      | Killed Natasha
  1975 | D:3      | Reached skill level 5 in Shields
  2125 | D:4      | Noticed Sigmund
  2332 | D:4      | Killed Sigmund
  2332 | D:4      | Reached skill level 5 in Armour
  2332 | D:4      | Reached XP level 6. HP: 37/53 MP: 5/5
  2394 | D:4      | Reached XP level 7. HP: 49/60 MP: 6/6
  2540 | D:4      | Reached skill level 5 in Fighting
  2540 | D:4      | Reached skill level 5 in Axes
  3235 | D:4      | Noticed Blork the orc
  3244 | D:4      | Killed Blork the orc
  3442 | D:5      | Entered Level 5 of the Dungeon
  3442 | D:5      | Noticed Grinder
  3443 | D:5      | Paralysed by Grinder for 7 turns
  3453 | D:5      | Killed Grinder
  3453 | D:5      | Reached skill level 1 in Maces & Flails
  3453 | D:5      | Reached XP level 8. HP: 56/70 MP: 7/7
  3661 | D:5      | Found a burning altar of Makhleb.
  3766 | D:5      | Reached skill level 2 in Maces & Flails
  4111 | D:5      | Found Maakhoc's Antique Weapon Shoppe.
  4136 | D:5      | Bought a runed arbalest for 103 gold pieces
  4316 | D:6      | Found an opulent altar of Gozag.
  4419 | D:6      | Reached skill level 3 in Maces & Flails
  4489 | D:6      | Found a shimmering altar of Xom.
  4528 | D:6      | Reached skill level 4 in Maces & Flails
  4591 | D:6      | Reached XP level 9. HP: 58/81 MP: 8/8
  4794 | D:6      | Found Posemob's Assorted Antiques.
  4813 | D:6      | Bought a tiny steel amulet for 135 gold pieces
  4813 | D:6      | Bought a worn fluorescent wand for 108 gold pieces
  4813 | D:6      | Identified a +0 rod of inaccuracy (10/10) (You found it on level 6 of the Dungeon)
  4856 | D:7      | Got a fine bone ring
  4894 | D:7      | Found a sand-covered staircase.
  4909 | Ossuary  | Entered an ossuary
  5082 | Ossuary  | Reached skill level 5 in Maces & Flails
  5114 | Ossuary  | Identified the ring of Temptation {-Tele rElec Str+9 Int+5 SInv} (You found it on level 7 of the Dungeon)
  5171 | D:7      | Found Texeawun's Distillery.
  5179 | D:7      | Bought a potion of curing for 30 gold pieces
  5179 | D:7      | Bought a potion of curing for 30 gold pieces
  5196 | D:7      | Gained mutation: You are agile. (Dex +2) [potion of mutation]
  5196 | D:7      | Gained mutation: You are partially covered in iridescent scales (AC +4). [potion of mutation]
  5197 | D:7      | Gained mutation: You are surrounded by a mild repulsion field (EV +2). [potion of mutation]
  5197 | D:7      | Gained mutation: You possess an exceptional clarity of mind. [potion of mutation]
  5197 | D:7      | Gained mutation: You regenerate slowly when monsters are visible. [potion of mutation]
  5198 | D:7      | Gained mutation: You are very agile. (Dex +4) [potion of mutation]
  5198 | D:7      | Gained mutation: Your body sometimes deteriorates upon taking damage. [potion of mutation]
  5198 | D:7      | Gained mutation: You are weak. (Str -2) [potion of mutation]
  5199 | D:7      | Gained mutation: You are robust (+10% HP). [potion of mutation]
  5199 | D:7      | Gained mutation: You are resistant to electric shocks. [potion of mutation]
  5199 | D:7      | Gained mutation: You have a pair of large horns on your head. [potion of mutation]
  5242 | D:7      | Lost mutation: You possess an exceptional clarity of mind. [potion of cure mutation]
  5242 | D:7      | Lost mutation: You are surrounded by a mild repulsion field (EV +2). [potion of cure mutation]
  5242 | D:7      | Lost mutation: You are weak. (Str -2) [potion of cure mutation]
  5242 | D:7      | Lost mutation: You are robust (+10% HP). [potion of cure mutation]
  5242 | D:7      | Lost mutation: You are very agile. (Dex +4) [potion of cure mutation]
  5243 | D:7      | Lost mutation: You are partially covered in iridescent scales (AC +4). [potion of cure mutation]
  5243 | D:7      | Lost mutation: You have a pair of large horns on your head. [potion of cure mutation]
  5243 | D:7      | Lost mutation: Your body sometimes deteriorates upon taking damage. [potion of cure mutation]
  5243 | D:7      | Lost mutation: You are agile. (Dex +2) [potion of cure mutation]
  5243 | D:7      | Lost mutation: You regenerate slowly when monsters are visible. [potion of cure mutation]
  5298 | D:7      | Found a staircase to the Ecumenical Temple.
  5419 | D:7      | Reached skill level 6 in Maces & Flails
  5505 | D:7      | Found a shattered altar of Ashenzari.
  5505 | D:7      | Found a shadowy altar of Dithmenos.
  5506 | D:7      | Found an iron altar of Okawaru.
  5793 | D:8      | Found an ancient bone altar of Kikubaaqudgha.
  5896 | D:8      | Reached skill level 7 in Maces & Flails
  6049 | D:8      | Found Liecoilo's Gadget Shop.
  6162 | D:8      | Noticed magog001's ghost (novice MiFi)
  6182 | D:8      | Killed magog001's ghost
  6182 | D:8      | Reached skill level 8 in Maces & Flails
  6182 | D:8      | Reached XP level 10. HP: 91/91 MP: 9/9
  6574 | D:8      | Reached skill level 10 in Armour
  6635 | D:8      | Found a glowing silver altar of Zin.
  7095 | D:9      | Reached skill level 9 in Maces & Flails
  7158 | D:9      | Found a roughly hewn altar of Beogh.
  7168 | D:9      | Reached skill level 10 in Fighting
  7612 | D:10     | Entered Level 10 of the Dungeon
  7692 | D:10     | Noticed a gargoyle
  7704 | D:10     | Killed a gargoyle
  7704 | D:10     | Reached skill level 10 in Maces & Flails
  7709 | D:10     | Found a viscous altar of Jiyva.
  8113 | D:10     | Found a staircase to the Lair.
  8131 | D:10     | Reached XP level 11. HP: 81/101 MP: 10/10
  8327 | D:11     | Noticed a hill giant
  8328 | D:11     | Reached skill level 11 in Maces & Flails
  8339 | D:11     | Killed a hill giant
  8359 | D:11     | Found a frozen archway.
  8365 | IceCv    | Entered an ice cave
  8782 | IceCv    | Reached skill level 1 in Crossbows
  9135 | IceCv    | Reached skill level 12 in Maces & Flails
  9300 | IceCv    | Noticed a necromancer
  9308 | IceCv    | Killed a necromancer
  9537 | D:11     | Noticed Maud
  9552 | D:11     | Killed Maud
 10415 | D:11     | Found a staircase to the Orcish Mines.
 10532 | D:12     | Gained mutation: You are partially covered in yellow scales (AC +2). [potion of mutation]
 10532 | D:12     | Gained mutation: You have sharp fingernails. [potion of mutation]
 10532 | D:12     | Gained mutation: You are partially covered in rugged brown scales (AC +1, +3% HP). [potion of mutation]
 10565 | D:12     | Gained mutation: You are partially covered in thin metallic scales (AC +2). [potion of mutation]
 10565 | D:12     | Lost mutation: You are partially covered in yellow scales (AC +2). [potion of mutation]
 10565 | D:12     | Gained mutation: Your body sometimes deteriorates upon taking damage. [potion of mutation]
 10635 | D:12     | Noticed a hill giant
 10643 | D:12     | Killed a hill giant
 10643 | D:12     | Reached skill level 13 in Maces & Flails
 10731 | Orc:1    | Entered Level 1 of the Orcish Mines
 10772 | Orc:1    | Reached XP level 12. HP: 100/115 MP: 11/11
 11346 | Orc:2    | Entered Level 2 of the Orcish Mines
 11347 | Orc:2    | Noticed an orc high priest
 11416 | Orc:2    | Killed an orc high priest
 11482 | Orc:2    | Found a staircase to the Elven Halls.
 11561 | Orc:2    | Found a burning altar of Makhleb.
 11880 | Orc:2    | Noticed an orc high priest
 11880 | Orc:2    | Paralysed by an orc sorcerer for 2 turns
 11881 | Orc:2    | Noticed an orc high priest
 11881 | Orc:2    | Noticed an orc high priest
 12060 | Orc:2    | Killed an orc high priest
 12078 | Orc:2    | Killed an orc high priest
 12078 | Orc:2    | Reached skill level 14 in Maces & Flails
 12087 | Orc:2    | Killed an orc high priest
 12322 | Orc:2    | Found Xeifon's Armour Shop.
 12322 | Orc:2    | Found Owacu's Armour Emporium.
 12432 | Orc:2    | Found Ukluusch's Food Emporium.
 12432 | Orc:2    | Found Roeq Nej's Book Shop.
 12450 | Orc:2    | Bought a meat ration for 55 gold pieces
 12450 | Orc:2    | Bought a bread ration for 55 gold pieces
 12450 | Orc:2    | Bought a beef jerky for 16 gold pieces
 12450 | Orc:2    | Bought a meat ration for 55 gold pieces
 12450 | Orc:2    | Bought a royal jelly for 22 gold pieces
 12450 | Orc:2    | Bought a slice of pizza for 16 gold pieces
 12450 | Orc:2    | Bought a bread ration for 55 gold pieces
 12450 | Orc:2    | Bought a bread ration for 55 gold pieces
 12450 | Orc:2    | Bought a meat ration for 55 gold pieces
 12902 | D:12     | Reached skill level 1 in Throwing
 13498 | D:13     | Reached XP level 13. HP: 119/125 MP: 12/12
 13622 | D:13     | Noticed Maurice
 13633 | D:13     | Killed Maurice
 13764 | D:13     | Reached skill level 15 in Maces & Flails
 15193 | D:14     | Noticed an ettin
 15199 | D:14     | Killed an ettin
 15199 | D:14     | Reached skill level 16 in Maces & Flails
 15309 | D:14     | Found a gate to the Vaults.
 15505 | D:14     | Found a basalt altar of Yredelemnul.
 15782 | Elf:1    | Entered Level 1 of the Elven Halls
 15950 | Elf:1    | Killed from afar by a deep elf knight

Skill      XL: |  1  2  3  4  5  6  7  8  9 10 11 12 13 |
---------------+----------------------------------------+-----
Armour         | 4 5 6 8 9 11 12 14 | 14.9
Shields        | 4 5 6 8 |  8.1
Dodging        | 1 2 |  2.5
Fighting       | 4 5 7 9 10 12 13 14 | 14.8
Axes           | 3 4 5 |  5.4
Stealth        | 1 |  1.0
Maces & Flails | 1 4 8 10 13 14 16 | 16.2
Crossbows      | 2 |  2.0
Throwing       | 1 |  1.1
Evocations     | |  0.8

Action                   |  1- 3 |  4- 6 |  7- 9 | 10-12 | 13-15 || total
-------------------------+-------+-------+-------+-------+-------++-------
Melee: War axe           |    95 |    92 |    39 |       |       ||   226
       Headbutt          |    13 |    20 |    56 |   183 |    74 ||   346
       Dire flail        |       |       |   198 |   653 |   263 ||  1114
 Fire: Arbalest          |       |       |       |    11 |       ||    11
Throw: Tomahawk          |       |       |       |     8 |       ||     8
Evoke: Wand              |       |       |       |     8 |     1 ||     9
  Use: Scroll            |       |     1 |    16 |     5 |     1 ||    23
       Potion            |       |       |    14 |    15 |       ||    29
  Eat: Chunk             |     2 |     3 |     5 |    13 |     5 ||    28
       Fruit             |       |       |     4 |     2 |       ||     6
       Meat ration       |       |       |     1 |     1 |       ||     2
       Bread ration      |       |       |       |     1 |       ||     1
       Royal jelly       |       |       |       |     2 |     1 ||     3
       Beef jerky        |       |       |       |     1 |     4 ||     5
       Pizza             |       |       |       |       |     1 ||     1
Armor: Scale mail        |    65 |    28 |   112 |       |       ||   205
       Plate armour      |       |       |    12 |   458 |   168 ||   638
       Skin              |       |       |       |    14 |       ||    14
Dodge: Dodged            |    35 |    30 |   120 |   287 |   116 ||   588
Block: Shield            |    57 |    63 |    31 |       |       ||   151
